[Event "African Online-ch U20-Open 2021"]
[Site "Online"]
[Date "2021.02.01"]
[Round "5.13"]
[White "Joao Farisse"]
[Black "Ofile Masilo"]
[Result "1-0"]
[ECO "D35"]
[WhiteElo "1574"]
[BlackElo "1457"]
[Annotator "NA RC"]
[PlyCount "81"]
[EventDate "2021.02.01"]
[EventType "swiss"]
[EventCountry "NET"]
[SourceTitle "playchess.com"]
[Source "ChessBase"]
[SourceQuality "1"]
[TimeControl "1500+10"]

1. c4 e6 2. Nc3 d5 3. cxd5 exd5 4. d4 Nf6 5. Bf4 c6 6. Nf3 Bd6 7. Bg5 h6 8. Bh4 O-O 9. e3 Re8 10. Bd3 Be7 11. Ne5 Qb6 12. Qc2 Be6 13. O-O Nbd7 14. f4 Nf8 15. Kh1 Red8 16. g4 Qc7 17. g5 hxg5 18. fxg5 Ng4 19. Nxg4 Bxg4 20. Qf2 Be6 21. Rac1 Qd7 22. Ne2 Ng6 23. Nf4 Nxf4 24. Qxf4 Bd6 25. Qf2 g6 26. Bg3 Bxg3 27. Qxg3 Kg7 28. Qe5+ Kg8 29. Rf4 Bg4 30. Rg1 Bh5 31. Rf6 Re8 32. Qf4 Re6 33. Rf1 Rxf6 34. gxf6 Qe8 35. Qh6 Qf8 36. Qg5 a5 37. Rf4 Re8 38. Rh4 Kh8 39. Rxh5+ gxh5 40. Qxh5+ Kg8 41. Qh7# 1-0

[Event "African Online-ch U20-Open 2021"]
[Site "Online"]
[Date "2021.02.01"]
[Round "5.14"]
[White "Darius Patlo Banda"]
[Black "Pungo, Honorato"]
[Result "1-0"]
[ECO "D36"]
[WhiteElo "1369"]
[BlackElo "1550"]
[Annotator "NA RC"]
[PlyCount "155"]
[EventDate "2021.02.01"]
[EventType "swiss"]
[EventCountry "NET"]
[SourceTitle "playchess.com"]
[Source "ChessBase"]
[SourceQuality "1"]
[TimeControl "1500+10"]

1. d4 d5 2. c4 e6 3. Nc3 Nf6 4. cxd5 exd5 5. Bg5 Be7 6. Nf3 O-O 7. e3 c6 8. Bd3 Nbd7 9. O-O Re8 10. Qc2 a6 11. Rab1 g6 12. b4 Nf8 13. a4 Ne6 14. Bh4 Ng7 15. Qa2 Nf5 16. Bg5 Kg7 17. Qc2 h6 18. Bf4 Be6 19. b5 axb5 20. axb5 Bd7 21. Ne5 Nd6 22. bxc6 Bxc6 23. Nb5 Nxb5 24. Bxb5 Bxb5 25. Rxb5 Ra7 26. Qb3 Qa8 27. Nd3 Ra3 28. Qc2 Rc8 29. Nc5 Ra2 30. Qc1 Ne4 31. f3 Nxc5 32. dxc5 Qa6 33. Rb6 Qa5 34. Rxb7 Bxc5 35. Be5+ Kg8 36. Bd4 Qa6 37. Qb1 Qe2 38. Rb2 Rxb2 39. Qxb2 Qxb2 40. Bxb2 Bxe3+ 41. Kh1 Rc2 42. Ba1 Rc1 43. Rxc1 Bxc1 44. Bd4 Bg5 45. Kg1 f5 46. Kf2 Kf7 47. Ke2 Bf6 48. Be3 g5 49. Kd3 Ke6 50. g3 Kd6 51. Bc1 Be5 52. Ba3+ Ke6 53. Bf8 h5 54. Bh6 g4 55. f4 Bc7 56. Bg7 h4 57. Bd4 h3 58. Be3 Bd6 59. Bd4 Bxf4 60. gxf4 g3 61. Bg1 gxh2 62. Bxh2 Kd6 63. Kd4 Kc6 64. Bg1 Kd6 65. Kd3 Kc6 66. Ke2 Kb5 67. Kf3 Kc4 68. Kg3 d4 69. Kxh3 d3 70. Be3 Kc3 71. Kh4 d2 72. Bxd2+ Kxd2 73. Kg5 Kd3 74. Kxf5 Kd4 75. Kf6 Kd5 76. f5 Kd6 77. Kf7 Kd7 78. f6 1-0

[Event "African Online-ch U20-Open 2021"]
[Site "Online"]
[Date "2021.02.01"]
[Round "5.16"]
[White "Lion, Pierre"]
[Black "George Samir, David"]
[Result "0-1"]
[ECO "B88"]
[WhiteElo "1586"]
[BlackElo "1775"]
[Annotator "NA RC"]
[PlyCount "134"]
[EventDate "2021.02.01"]
[EventType "swiss"]
[EventCountry "NET"]
[SourceTitle "playchess.com"]
[Source "ChessBase"]
[SourceQuality "1"]
[TimeControl "1500+10"]

1. e4 c5 2. Nf3 d6 3. d4 cxd4 4. Nxd4 Nf6 5. Nc3 Nc6 6. Bc4 e6 7. Bb3 Be7 8. O-O a6 9. Be3 O-O 10. f4 Qc7 11. f5 e5 12. Nde2 b5 13. h3 Bb7 14. g4 b4 15. Nd5 Nxd5 16. Bxd5 Na5 17. g5 Nc4 18. Bxc4 Qxc4 19. f6 Qxe4 20. Kf2 gxf6 21. gxf6 Bxf6 22. Bh6 Bh4+ 23. Ng3 Qg2+ 24. Ke1 Bxg3+ 25. Rf2 Bxf2+ 26. Ke2 Bf3+ 27. Kd3 e4+ 28. Kc4 Rfc8+ 29. Kb3 Bxd1 30. Ka4 Bxc2+ 31. Ka5 Rc5+ 32. Kb6 Rh5+ 33. Kb7 e3+ 34. Kc7 Rxh6 35. Kd7 Ra7+ 36. Kd8 e2 37. Rg1 Bxg1 38. a4 e1=Q 39. a5 f5 40. b3 f4 41. h4 f3 42. h5 f2 43. Kc8 f1=Q 44. Kd8 d5 45. Kc8 d4 46. Kd8 d3 47. Kc8 d2 48. Kb8 d1=Q 49. Kc8 Qdg4+ 50. Kb8 Bh2+ 51. Kxa7 Bb8+ 52. Kxb8 Rxh5 53. Ka7 Rh1 54. Kb8 Rg1 55. Ka7 h6 56. Kb8 h5 57. Ka7 h4 58. Kb8 h3 59. Ka7 h2 60. Kb8 h1=Q 61. Ka7 Bxb3 62. Kb8 Bc2 63. Ka7 b3 64. Kb8 b2 65. Ka7 Qe7+ 66. Kb8 Qgb4+ 67. Kc8 Bf5# 0-1

[Event "African Online-ch U20-Open 2021"]
[Site "Online"]
[Date "2021.02.01"]
[Round "5.17"]
[White "Dutt Dakshesh"]
[Black "Masaiti, Gideon"]
[Result "0-1"]
[ECO "D02"]
[WhiteElo "1549"]
[BlackElo "1442"]
[Annotator "NA RC"]
[PlyCount "164"]
[EventDate "2021.02.01"]
[EventType "swiss"]
[EventCountry "NET"]
[SourceTitle "playchess.com"]
[Source "ChessBase"]
[SourceQuality "1"]
[TimeControl "1500+10"]

1. d4 e6 2. Bf4 d5 3. e3 Nf6 4. Nf3 Bd6 5. Bg3 O-O 6. c3 Nbd7 7. Bd3 a6 8. Nbd2 Qe7 9. O-O Bxg3 10. hxg3 h6 11. Qe2 c5 12. e4 c4 13. Bc2 Re8 14. Rfe1 b5 15. exd5 Nxd5 16. Be4 Bb7 17. Bc2 N7f6 18. Ne5 Qd6 19. Ndf3 b4 20. Nxc4 Qe7 21. Ba4 Rec8 22. Rac1 a5 23. Nce5 bxc3 24. Bb3 Ba6 25. Qc2 Nb4 26. Qb1 cxb2 27. Qxb2 Rxc1 28. Rxc1 Rc8 29. Rxc8+ Bxc8 30. Qc1 Bb7 31. Kh2 Bd5 32. Bxd5 Nbxd5 33. Qc8+ Kh7 34. Qc2+ g6 35. Qc5 Qxc5 36. dxc5 Kg7 37. Kg1 Kf8 38. Kf1 Ke7 39. Ke2 Nc3+ 40. Kd3 Nxa2 41. Kc4 Nd7 42. c6 Nxe5+ 43. Nxe5 Kd6 44. Kb5 Nc3+ 45. Kxa5 f6 46. Kb6 Nd5+ 47. Kb7 Kxe5 48. c7 Nxc7 49. Kxc7 Ke4 50. Kd6 Kf5 51. f3 h5 52. Kc5 Ke5 53. Kc4 g5 54. Kd3 Kd5 55. Ke3 f5 56. Kf2 Kd4 57. Ke2 e5 58. f4 exf4 59. gxf4 g4 60. Kf2 h4 61. g3 hxg3+ 62. Kxg3 Ke3 63. Kg2 Kxf4 64. Kf2 Ke4 65. Kg3 Ke3 66. Kg2 f4 67. Kg1 Ke2 68. Kg2 f3+ 69. Kg1 g3 70. Kh1 g2+ 71. Kg1 Ke1 72. Kh2 Kf1 73. Kg3 f2 74. Kf3 g1=N+ 75. Kg3 Ke1 76. Kg2 f1=Q+ 77. Kg3 Qf3+ 78. Kh4 Qg2 79. Kh5 Nf3 80. Kh6 Ne5 81. Kh7 Qg6+ 82. Kh8 Nf7# 0-1

[Event "African Online-ch U20-Open 2021"]
[Site "Online"]
[Date "2021.02.01"]
[Round "5.21"]
[White "Belattar, Mohamed Walid"]
[Black "Meise, Keagen"]
[Result "0-1"]
[ECO "E04"]
[WhiteElo "1214"]
[BlackElo "1200"]
[Annotator "NA RC"]
[PlyCount "150"]
[EventDate "2021.02.01"]
[EventType "swiss"]
[EventCountry "NET"]
[SourceTitle "playchess.com"]
[Source "ChessBase"]
[SourceQuality "1"]
[TimeControl "1500+10"]

1. d4 Nf6 2. Nf3 d5 3. g3 e6 4. Bg2 c5 5. O-O Nc6 6. c4 dxc4 7. Qa4 Bd7 8. Qxc4 cxd4 9. Nxd4 Rc8 10. Nxc6 Bxc6 11. Qd3 Qxd3 12. exd3 Bxg2 13. Kxg2 Nd5 14. Rd1 Nb4 15. Nc3 Rd8 16. d4 Nc2 17. Rb1 Nxd4 18. Be3 Nc6 19. Rxd8+ Kxd8 20. Rd1+ Kc8 21. Nb5 a6 22. Na7+ Nxa7 23. Bxa7 Be7 24. Bd4 f6 25. Rc1+ Kb8 26. Re1 e5 27. Bc3 Rd8 28. Ba5 Rd5 29. Bc3 Bc5 30. Re2 Kc7 31. Rc2 Kd6 32. Rd2 Rxd2 33. Bxd2 Kd5 34. Kf1 Bd4 35. b3 Ke4 36. Ke2 b6 37. f3+ Kd5 38. Kd3 f5 39. f4 e4+ 40. Ke2 g6 41. h4 h5 42. Bc1 a5 43. Bd2 Kc5 44. a3 Kd5 45. Bc1 b5 46. Bd2 a4 47. bxa4 bxa4 48. Bb4 Kc4 49. Be7 Kb3 50. Bb4 Bb2 51. Be7 Bxa3 52. Bf6 Bb2 53. Be7 a3 54. Bxa3 Kxa3 55. Ke3 Kb3 56. Ke2 Kc4 57. Ke3 Bd4+ 58. Ke2 Kc3 59. Ke1 Kd3 60. Kf1 e3 61. Ke1 e2 62. g4 Bc3+ 63. Kf2 e1=Q+ 64. Kf3 Qe2+ 65. Kg3 Qxg4+ 66. Kf2 Qxf4+ 67. Kg2 Bd4 68. Kh1 Qxh4+ 69. Kg2 Qf2+ 70. Kh3 Qf3+ 71. Kh2 Bg1+ 72. Kxg1 Qe2 73. Kh1 Ke3 74. Kg1 Kf3 75. Kh1 Qg2# 0-1

[Event "African Online-ch U20-Open 2021"]
[Site "Online"]
[Date "2021.02.01"]
[Round "6.5"]
[White "Mohamed Abderrahim, Taleb Mohamed"]
[Black "Machinya Desire"]
[Result "1-0"]
[ECO "B20"]
[WhiteElo "1799"]
[BlackElo "1638"]
[Annotator "NA RC"]
[PlyCount "53"]
[EventDate "2021.02.01"]
[EventType "swiss"]
[EventCountry "NET"]
[SourceTitle "playchess.com"]
[Source "ChessBase"]
[SourceQuality "1"]
[TimeControl "1500+10"]

1. e4 c5 2. a3 d6 3. Nf3 Nf6 4. Nc3 Nc6 5. Bb5 Bd7 6. Bxc6 Bxc6 7. d3 e6 8. O-O Be7 9. b4 a6 10. Bb2 Rc8 11. bxc5 dxc5 12. Ne2 Kf8 13. Ne5 Qc7 14. f4 Rd8 15. Qe1 h5 16. Qc3 Bb5 17. f5 exf5 18. Rxf5 Bd7 19. Nxd7+ Rxd7 20. Raf1 Bd8 21. Nf4 Rh7 22. e5 g6 23. Rxf6 Bxf6 24. exf6 Rd4 25. Qd2 Rd7 26. Qe3 Qc8 27. Re1 1-0

[Event "African Online-ch U20-Open 2021"]
[Site "Online"]
[Date "2021.02.01"]
[Round "6.7"]
[White "Joao Farisse"]
[Black "Vasco Mateus Felizardo Viageir"]
[Result "1/2-1/2"]
[ECO "D35"]
[WhiteElo "1574"]
[BlackElo "1862"]
[Annotator "NA RC"]
[PlyCount "132"]
[EventDate "2021.02.01"]
[EventType "swiss"]
[EventCountry "NET"]
[SourceTitle "playchess.com"]
[Source "ChessBase"]
[SourceQuality "1"]
[TimeControl "1500+10"]

1. c4 e6 2. Nc3 d5 3. cxd5 exd5 4. d4 Nf6 5. Nf3 h6 6. h3 c6 7. Bf4 Bd6 8. Ne5 Qe7 9. e3 O-O 10. Bd3 Re8 11. O-O Nbd7 12. Nxd7 Bxd7 13. Bxd6 Qxd6 14. Rb1 a5 15. a4 Re7 16. Qc2 Rae8 17. Bf5 Bxf5 18. Qxf5 g6 19. Qf3 Kg7 20. Rfd1 Qb4 21. Qe2 c5 22. Qb5 c4 23. Na2 Qxb5 24. axb5 Re6 25. b3 Rc8 26. bxc4 Rxc4 27. Rdc1 Ra4 28. Nc3 Rc4 29. Ne2 Rxc1+ 30. Nxc1 Ne4 31. Nd3 Rb6 32. Nc5 Nc3 33. Rb3 Nxb5 34. Na4 Rc6 35. Rxb5 Rc1+ 36. Kh2 Ra1 37. Nc5 a4 38. Rxb7 h5 39. Ra7 a3 40. e4 dxe4 41. Nxe4 a2 42. Nc3 Rc1 43. Nxa2 Rd1 44. d5 Rxd5 45. Nc3 Rd2 46. Ne4 Rd5 47. f3 h4 48. Nc3 Rc5 49. Ne2 Re5 50. Nd4 Rd5 51. Ne6+ Kf6 52. Nf4 Rd2 53. Ra5 Kg7 54. Kg1 Rd4 55. Ne2 Rb4 56. Kf2 Kf6 57. Rd5 g5 58. f4 gxf4 59. Rd4 Rb7 60. Rxf4+ Ke5 61. Rxh4 f5 62. Ra4 Rb2 63. g4 fxg4 64. Rxg4 Kf5 65. Rg3 Ra2 66. h4 Ra4 1/2-1/2

[Event "African Online-ch U20-Open 2021"]
[Site "Online"]
[Date "2021.02.01"]
[Round "6.10"]
[White "Selogelo Othata"]
[Black "Elayeb, Med Yessine"]
[Result "0-1"]
[ECO "B33"]
[WhiteElo "1725"]
[BlackElo "1666"]
[Annotator "NA RC"]
[PlyCount "162"]
[EventDate "2021.02.01"]
[EventType "swiss"]
[EventCountry "NET"]
[SourceTitle "playchess.com"]
[Source "ChessBase"]
[SourceQuality "1"]
[TimeControl "1500+10"]

1. e4 c5 2. Nf3 Nc6 3. d4 cxd4 4. Nxd4 Nf6 5. Nc3 e5 6. Ndb5 d6 7. Bg5 a6 8. Na3 b5 9. Nd5 Be7 10. Bxf6 Bxf6 11. c3 Rb8 12. Nc2 Bg5 13. Bd3 O-O 14. h4 Bh6 15. g4 g6 16. Qf3 Bg7 17. g5 f5 18. gxf6 Bxf6 19. Qg3 Rb7 20. Nxf6+ Qxf6 21. Ne3 Rbf7 22. Rh2 Ne7 23. a4 Qf4 24. axb5 Qxg3 25. fxg3 Rf3 26. Bc4+ Kg7 27. Ke2 axb5 28. Bxb5 Rxg3 29. Ra7 Rf7 30. Bc4 d5 31. Nxd5 Bg4+ 32. Kd2 Nxd5 33. Rxf7+ Kxf7 34. Bxd5+ Be6 35. b4 Rg4 36. Kd3 Ke7 37. Bxe6 Kxe6 38. Rh3 Rf4 39. b5 Kd6 40. c4 Kc5 41. h5 g5 42. h6 Kd6 43. Rh5 Rg4 44. Kc3 Kc5 45. Kd3 Kd6 46. Rh3 Rf4 47. Rg3 g4 48. Rg1 Kc5 49. Rb1 Rf3+ 50. Kc2 Kxc4 51. b6 Rf2+ 52. Kd1 Rf1+ 53. Kc2 Rxb1 54. Kxb1 g3 55. b7 g2 56. b8=Q g1=Q+ 57. Ka2 Qf2+ 58. Ka3 Qe3+ 59. Ka2 Qd2+ 60. Ka3 Qa5+ 61. Kb2 Qb4+ 62. Qxb4+ Kxb4 63. Kc2 Kc4 64. Kd2 Kd4 65. Kd1 Ke3 66. Ke1 Kf3 67. Kf1 Kg4 68. Kg2 Kg5 69. Kg3 Kxh6 70. Kg4 Kg6 71. Kh4 h5 72. Kg3 Kg5 73. Kh3 Kf4 74. Kh4 Kxe4 75. Kxh5 Kf3 76. Kh4 e4 77. Kh3 e3 78. Kh2 e2 79. Kh3 e1=Q 80. Kh2 Qg3+ 81. Kh1 Qg2# 0-1

[Event "African Online-ch U20-Open 2021"]
[Site "Online"]
[Date "2021.02.01"]
[Round "6.11"]
[White "Lion, Pierre"]
[Black "van der Merwe, Alexander"]
[Result "1-0"]
[ECO "B92"]
[WhiteElo "1586"]
[BlackElo "1655"]
[Annotator "NA RC"]
[PlyCount "67"]
[EventDate "2021.02.01"]
[EventType "swiss"]
[EventCountry "NET"]
[SourceTitle "playchess.com"]
[Source "ChessBase"]
[SourceQuality "1"]
[TimeControl "1500+10"]

1. e4 c5 2. Nf3 d6 3. d4 cxd4 4. Nxd4 Nf6 5. Nc3 a6 6. Be2 e5 7. Nf5 Bxf5 8. exf5 Be7 9. Bf3 Nc6 10. Be3 Qa5 11. Qd2 Rd8 12. O-O-O O-O 13. Kb1 Kh8 14. g4 d5 15. Nxd5 Nb4 16. a3 Nfxd5 17. Bxd5 Qxd5 18. axb4 Qe4 19. Qe2 h6 20. f3 Qxb4 21. h4 Rxd1+ 22. Rxd1 Bxh4 23. Qh2 Qe7 24. Rh1 Bg5 25. Bxg5 Qxg5 26. Qxe5 Qd8 27. Rxh6+ Kg8 28. Rh1 Re8 29. Qh2 Kf8 30. Qh8+ Ke7 31. Qxg7 Qd5 32. Kc1 Qc4 33. Qe5+ Kd7 34. Rd1+ 1-0

[Event "African Online-ch U20-Open 2021"]
[Site "Online"]
[Date "2021.02.01"]
[Round "6.12"]
[White "George Samir, David"]
[Black "Fourie, Brandon"]
[Result "0-1"]
[ECO "B33"]
[WhiteElo "1775"]
[BlackElo "1583"]
[Annotator "NA RC"]
[PlyCount "104"]
[EventDate "2021.02.01"]
[EventType "swiss"]
[EventCountry "NET"]
[SourceTitle "playchess.com"]
[Source "ChessBase"]
[SourceQuality "1"]
[TimeControl "1500+10"]

1. e4 c5 2. Nf3 Nc6 3. d4 cxd4 4. Nxd4 Nf6 5. Nc3 e5 6. Ndb5 d6 7. Bg5 a6 8. Na3 b5 9. Nd5 Be7 10. Bxf6 Bxf6 11. c4 b4 12. Nc2 a5 13. h4 O-O 14. g3 g6 15. Bg2 Bg7 16. h5 Ne7 17. h6 Bh8 18. Nce3 Ra7 19. Qf3 f5 20. O-O Be6 21. Nxe7+ Qxe7 22. exf5 gxf5 23. Nd5 Qf7 24. Qe3 f4 25. gxf4 exf4 26. Nxf4 Qxf4 27. Qxe6+ Raf7 28. Qe3 Qxe3 29. fxe3 Rxf1+ 30. Rxf1 Rxf1+ 31. Kxf1 Bxb2 32. Ke2 a4 33. Bd5+ Kf8 34. Kf3 b3 35. c5 dxc5 36. axb3 a3 37. b4 cxb4 38. Kf4 Ke7 39. Ke4 Kf6 40. Kf4 Kg6 41. e4 Kxh6 42. Kf5 Kg7 43. e5 h5 44. Kg5 Bxe5 45. Kxh5 Kf6 46. Kg4 Bd6 47. Bb3 Ke5 48. Kf3 Kd4 49. Ke2 Kc3 50. Be6 b3 51. Kd1 Kb2 52. Kd2 a2 0-1

[Event "African Online-ch U20-Open 2021"]
[Site "Online"]
[Date "2021.02.01"]
[Round "6.13"]
[White "Mena, Martin"]
[Black "Mcligeyo, Robert"]
[Result "1-0"]
[ECO "E10"]
[WhiteElo "1776"]
[BlackElo "1688"]
[Annotator "NA RC"]
[PlyCount "49"]
[EventDate "2021.02.01"]
[EventType "swiss"]
[EventCountry "NET"]
[SourceTitle "playchess.com"]
[Source "ChessBase"]
[SourceQuality "1"]
[TimeControl "1500+10"]

1. d4 Nf6 2. Nf3 c5 3. d5 e6 4. c4 b5 5. Bg5 exd5 6. cxd5 d6 7. Nc3 Be7 8. Nxb5 O-O 9. e3 Ba6 10. Bc4 Bxb5 11. Bxb5 Qa5+ 12. Qd2 Qxb5 13. Qc2 Nxd5 14. h4 Bf6 15. Rd1 Nb4 16. Qe4 Qc6 17. Qg4 Nd7 18. h5 Bxg5 19. Nxg5 Ne5 20. Qf5 g6 21. hxg6 hxg6 22. Qf6 Nc2+ 23. Kf1 Nxe3+ 24. fxe3 Qb5+ 25. Kg1 1-0

[Event "African Online-ch U20-Open 2021"]
[Site "Online"]
[Date "2021.02.01"]
[Round "6.14"]
[White "Pungo, Honorato"]
[Black "Ofile Masilo"]
[Result "1/2-1/2"]
[ECO "B90"]
[WhiteElo "1550"]
[BlackElo "1457"]
[Annotator "NA RC"]
[PlyCount "214"]
[EventDate "2021.02.01"]
[EventType "swiss"]
[EventCountry "NET"]
[SourceTitle "playchess.com"]
[Source "ChessBase"]
[SourceQuality "1"]
[TimeControl "1500+10"]

1. e4 c5 2. Nf3 d6 3. d4 cxd4 4. Nxd4 Nf6 5. Nc3 a6 6. Bd3 e5 7. Nb3 Be7 8. O-O O-O 9. h3 h6 10. f4 Nc6 11. Kh1 b5 12. a4 b4 13. Ne2 Be6 14. Nd2 a5 15. b3 Qc7 16. Bb2 Rac8 17. Qe1 exf4 18. Nxf4 Ne5 19. Bxe5 dxe5 20. Nxe6 fxe6 21. Nc4 Nh5 22. g3 Rxf1+ 23. Bxf1 Rf8 24. Be2 Nf6 25. Bd3 Bc5 26. Qe2 Nh7 27. Rf1 Ng5 28. Rxf8+ Kxf8 29. Kg2 Kg8 30. h4 Nf7 31. Qh5 Bd4 32. Qg6 Nd8 33. Qg4 Qf7 34. Qf3 Qxf3+ 35. Kxf3 Nc6 36. Kg4 g6 37. Nd6 Bc5 38. Nb7 Bb6 39. Nd6 Bc5 40. Nc4 Bd4 41. Kf3 Kg7 42. Nd2 Bc3 43. Nf1 Nd4+ 44. Kg2 Kf6 45. Nh2 Bd2 46. Ng4+ Kg7 47. Nxe5 Bc3 48. Nf3 Nxf3 49. Kxf3 Kf6 50. Bc4 e5 51. Bd5 g5 52. Kg4 gxh4 53. gxh4 Bd4 54. Bc6 Bc3 55. h5 Bd2 56. Kf3 Kg5 57. Be8 Bc1 58. Ke2 Bb2 59. Kd3 Bd4 60. Kc4 Bb6 61. c3 bxc3 62. Kxc3 Kf4 63. Bg6 Bc5 64. Kc4 Bb4 65. Kd5 Be1 66. Kc6 Bd2 67. Bf5 Be1 68. Kc5 Bb4+ 69. Kc4 Be1 70. Kd5 Bb4 71. Ke6 Be1 72. Kf6 Bh4+ 73. Ke6 Be1 74. Kf7 Kg5 75. Bg6 Bc3 76. Ke6 Kf4 77. Kf6 Be1 78. Bf5 Bh4+ 79. Kg6 Bg5 80. Kh7 Ke3 81. Kg6 Kd4 82. Kf7 Kc5 83. Be6 Kb4 84. Bc4 Kc5 85. Ke6 Bf4 86. Kf5 Kb4 87. Ke6 Kc5 88. Kd7 Kb4 89. Kc6 Bg5 90. Kd5 Bf4 91. Kd6 Bg3 92. Kc6 Bf4 93. Bg8 Bg5 94. Kd6 Bf4 95. Bc4 Bg3 96. Ke7 Bf4 97. Kf6 Kc5 98. Kf5 Kb4 99. Bd5 Kc5 100. Ke6 Kb4 101. Kd6 Bg3 102. Kc7 Bf4 103. Bc4 Bg5 104. Kd6 Bf4 105. Kd5 Bg3 106. Kd6 Bf4 107. Ke6 Kc5 1/2-1/2

[Event "African Online-ch U20-Open 2021"]
[Site "Online"]
[Date "2021.02.01"]
[Round "6.15"]
[White "Karania, Hardiv"]
[Black "Shah, Darshan Samir"]
[Result "0-1"]
[ECO "D02"]
[WhiteElo "1317"]
[BlackElo "1502"]
[Annotator "NA RC"]
[PlyCount "64"]
[EventDate "2021.02.01"]
[EventType "swiss"]
[EventCountry "NET"]
[SourceTitle "playchess.com"]
[Source "ChessBase"]
[SourceQuality "1"]
[TimeControl "1500+10"]

1. d4 d5 2. Bf4 Nf6 3. e3 c5 4. c3 e6 5. Nd2 Nc6 6. Ngf3 Bd6 7. Bd3 Be7 8. O-O c4 9. Bc2 Nh5 10. Be5 f6 11. Bg3 Nxg3 12. fxg3 O-O 13. b3 b5 14. b4 a5 15. a3 Qb6 16. Nh4 f5 17. Qe2 axb4 18. axb4 Rxa1 19. Rxa1 Bxb4 20. cxb4 Nxd4 21. exd4 Qxd4+ 22. Qf2 Qxa1+ 23. Qf1 Qc3 24. Qc1 d4 25. Qd1 d3 26. Bb1 e5 27. Nf1 e4 28. Ne3 Qxb4 29. Nd5 Qc5+ 30. Ne3 Qxe3+ 31. Kf1 g5 32. Nxf5 Bxf5 0-1

[Event "African Online-ch U20-Open 2021"]
[Site "Online"]
[Date "2021.02.01"]
[Round "6.16"]
[White "Soojay, Jorah"]
[Black "Palmer, Reegan"]
[Result "0-1"]
[ECO "C55"]
[WhiteElo "1478"]
[BlackElo "1325"]
[Annotator "NA RC"]
[PlyCount "66"]
[EventDate "2021.02.01"]
[EventType "swiss"]
[EventCountry "NET"]
[SourceTitle "playchess.com"]
[Source "ChessBase"]
[SourceQuality "1"]
[TimeControl "1500+10"]

1. e4 e5 2. Nf3 Nc6 3. Bc4 Nf6 4. d3 d6 5. Bg5 Bg4 6. h3 Bh5 7. c3 Be7 8. Nbd2 h6 9. Bh4 Nd7 10. Bxe7 Qxe7 11. Qc2 Nb6 12. Bb5 O-O 13. g4 Bg6 14. O-O-O d5 15. Rdg1 dxe4 16. Nxe4 Bxe4 17. dxe4 Qf6 18. Be2 Nd8 19. g5 Qf4+ 20. Kb1 h5 21. Rg3 Ne6 22. Bd1 Nc5 23. Nh2 Nxe4 24. Re3 Nc4 25. Rxe4 Nd2+ 26. Ka1 Nxe4 27. Bxh5 g6 28. Bxg6 fxg6 29. f3 Rad8 30. fxe4 Rd2 31. Qb3+ Kg7 32. Qxb7 Rxh2 33. Qxc7+ Rf7 0-1

[Event "African Online-ch U20-Open 2021"]
[Site "Online"]
[Date "2021.02.01"]
[Round "6.17"]
[White "Masaiti, Gideon"]
[Black "Potgieter, Edward"]
[Result "0-1"]
[ECO "C50"]
[WhiteElo "1442"]
[BlackElo "1229"]
[Annotator "NA RC"]
[PlyCount "192"]
[EventDate "2021.02.01"]
[EventType "swiss"]
[EventCountry "NET"]
[SourceTitle "playchess.com"]
[Source "ChessBase"]
[SourceQuality "1"]
[TimeControl "1500+10"]

1. e4 e5 2. Nf3 Nc6 3. Bc4 Bc5 4. d4 Bxd4 5. Ng5 Nh6 6. Qh5 Qf6 7. O-O O-O 8. c3 Bb6 9. Be3 Qg6 10. Qxg6 hxg6 11. Bxb6 axb6 12. f4 Na5 13. Nd2 Nxc4 14. Nxc4 exf4 15. Rxf4 d6 16. Rf2 f5 17. e5 Ng4 18. Re2 dxe5 19. Nxe5 Re8 20. Rd1 Nxe5 21. Rxe5 Bd7 22. Rxe8+ Bxe8 23. Re1 Bd7 24. Re7 Rd8 25. Kf2 c5 26. Ke3 Re8 27. Rxe8+ Bxe8 28. Kf4 Bf7 29. a3 Kf8 30. Ke5 Ke7 31. g3 Bb3 32. Nf3 Be6 33. Nd2 Bg8 34. b4 Kd7 35. h4 Kc7 36. c4 Kd7 37. bxc5 bxc5 38. Nb3 b6 39. Nd2 Ke7 40. a4 Kd7 41. Kf4 Kd6 42. Ke3 Bf7 43. Kd3 Be8 44. Nf3 Bxa4 45. Ng5 Ke7 46. Nh3 Kf6 47. Nf4 Bc6 48. Ke3 Be4 49. Ne2 g5 50. Nc3 Bc6 51. h5 Kf7 52. Nd1 Kf6 53. Nf2 Ke6 54. Nh3 Kf6 55. Kd3 Be8 56. g4 fxg4 57. Nf2 Bxh5 58. Ke3 Kf5 59. Ne4 Be8 60. Nd6+ Ke6 61. Nxe8 g3 62. Nxg7+ Ke5 63. Kf3 Kd4 64. Ne6+ Kxc4 65. Nxg5 b5 66. Ke2 g2 67. Nf3 b4 68. Kd2 Kb3 69. Ng1 Ka2 70. Ne2 b3 71. Nc1+ Ka3 72. Ne2 b2 73. Kc2 g1=Q 74. Nxg1 Ka2 75. Ne2 b1=Q+ 76. Kd2 Qb4+ 77. Kc2 Qc4+ 78. Kd1 Qd3+ 79. Ke1 Qe3 80. Kd1 c4 81. Nc1+ Ka3 82. Kc2 Qe8 83. Kc3 Qe3+ 84. Kc2 Qb6 85. Ne2 Qb2+ 86. Kd1 Qxe2+ 87. Kxe2 Kb2 88. Kd2 c3+ 89. Kd1 c2+ 90. Kd2 c1=Q+ 91. Ke2 Qc8 92. Kd1 Qc2+ 93. Ke1 Qh2 94. Kd1 Kc3 95. Ke1 Qg2 96. Kd1 Qd2# 0-1

[Event "African Online-ch U20-Open 2021"]
[Site "Online"]
[Date "2021.02.01"]
[Round "6.19"]
[White "Meise, Keagen"]
[Black "Dutt Dakshesh"]
[Result "0-1"]
[ECO "D55"]
[WhiteElo "1200"]
[BlackElo "1549"]
[Annotator "NA RC"]
[PlyCount "128"]
[EventDate "2021.02.01"]
[EventType "swiss"]
[EventCountry "NET"]
[SourceTitle "playchess.com"]
[Source "ChessBase"]
[SourceQuality "1"]
[TimeControl "1500+10"]

1. d4 d5 2. c4 e6 3. Nc3 Nf6 4. Bg5 Be7 5. e3 h6 6. Bf4 O-O 7. Nf3 c5 8. Be2 Nc6 9. dxc5 Bxc5 10. O-O Re8 11. Nb5 e5 12. Bg3 a6 13. Nc3 dxc4 14. Qxd8 Rxd8 15. Nxe5 Nxe5 16. Bxe5 b5 17. Rfd1 Be6 18. Bf3 Rxd1+ 19. Rxd1 Rf8 20. Bb7 Bc8 21. Bxc8 Rxc8 22. Bxf6 gxf6 23. g3 Kf8 24. Kg2 Ke7 25. Nd5+ Ke6 26. Nf4+ Ke7 27. Kf3 Rd8 28. Nd5+ Ke6 29. Nc7+ Ke7 30. Rxd8 Kxd8 31. Nxa6 Be7 32. a3 Kc8 33. Nb4 Kb7 34. Nd5 Bd8 35. Kf4 Kc6 36. Nc3 Ba5 37. Ne4 Bd8 38. Kf5 Kb6 39. Nxf6 Bxf6 40. Kxf6 Ka5 41. Ke5 Ka4 42. Kd4 Kb3 43. Kc5 Kxb2 44. Kxb5 c3 45. a4 c2 46. a5 c1=Q 47. a6 Qc8 48. Kb6 Qb8+ 49. Kc6 Qa7 50. Kb5 Kc3 51. h4 Kd3 52. g4 Ke4 53. f4 Kxe3 54. g5 hxg5 55. fxg5 Kf4 56. Kc6 Qxa6+ 57. Kd7 Qg6 58. Ke7 Kg4 59. h5 Kxh5 60. Kf8 Kxg5 61. Ke7 f5 62. Kd7 f4 63. Kc7 f3 64. Kb7 f2 0-1

[Event "African Online-ch U20-Open 2021"]
[Site "Online"]
[Date "2021.02.01"]
[Round "7.4"]
[White "Celso Andre Manjate"]
[Black "Junior, Domingos"]
[Result "0-1"]
[ECO "B13"]
[WhiteElo "1721"]
[BlackElo "1894"]
[Annotator "NA RC"]
[PlyCount "66"]
[EventDate "2021.02.01"]
[EventType "swiss"]
[EventCountry "NET"]
[SourceTitle "playchess.com"]
[Source "ChessBase"]
[SourceQuality "1"]
[TimeControl "1500+10"]

1. e4 c6 2. d4 d5 3. exd5 cxd5 4. Bd3 Nc6 5. c3 Qc7 6. Nf3 Bg4 7. Be3 {[%emt 0:00:05] B13: Caro-Kann: Exchange Variation and Panov-Botvinnik Attack.} Nf6 8. Nbd2 e6 9. O-O Bd6 10. h3 Bh5 11. a3 O-O {[%emt 0:00:26] [#]} 12. Qc2 $146 ({Predecessor:} 12. Re1 Rab8 13. Qb1 Bg6 14. Bxg6 hxg6 15. a4 a6 16. Qd3 Rfc8 17. Rec1 Na5 18. b3 {½-½ (47) Korley,K (2447)-Krush,I (2424) New York 2019}) 12... Bg6 13. Bg5 Nh5 14. Rfe1 Rac8 15. Nb3 Rfe8 16. Bxg6 hxg6 17. Nc5 Bxc5 18. dxc5 e5 19. b4 e4 20. Nd2 f5 ({Black should play} 20... f6 $15 21. Be3 f5) 21. g4 Nf4 22. Bxf4 Qxf4 23. Re3 Qg5 24. Rae1 Ne5 25. Nf1 f4 26. R3e2 Nxg4 27. hxg4 Qxg4+ 28. Ng3 f3 29. Rxe4 Qh3 30. Rxe8+ Rxe8 31. Rxe8+ Kh7 32. Rh8+ Kxh8 33. Qxg6 Qg2# 0-1